BSA
SEATTLE PIKES @ VISTA PANTHERS
10/01/2028
 
TOP OF THE 1ST
Seattle Pikes batting - Pitching for Vista Panthers : RHP Jim Hendon
Pitching: RHP Jim Hendon
Batting: LHB Eduardo Gómez 0-0: Ball
1-0: Foul Ball, location: 2F
1-1: Called Strike
1-2: Strikes out looking
Batting: RHB Randy Sheppard 0-0: Foul Ball, location: 2F
0-1: Swinging Strike
0-2: Strikes out looking
Batting: RHB Wallace Greene 0-0: Ball
1-0: Ball
2-0: Ball
3-0: Base on Balls
Batting: RHB Pete Rideout 0-0: Ball
1-0: Ball
2-0: Ball
3-0: Called Strike
3-1: Base on Balls
Wallace Greene to second
Batting: LHB Michael Barrett 0-0: Ball
1-0: Ball
2-0: Ball
3-0: Base on Balls
Wallace Greene to third
Pete Rideout to second
Batting: SHB Nate Rhodes 0-0: Called Strike
0-1: Foul Ball, location: 2F
0-2: Ball
1-2: Fielders Choice at 2nd, 4-6 (Groundball, 4)
Top of the 1st over - 0 run(s), 0 hit(s), 0 error(s), 2 left on base; Seattle 0 - Vista 0
BOTTOM OF THE 1ST
Vista Panthers batting - Pitching for Seattle Pikes : RHP Francisco Carrasco
Pitching: RHP Francisco Carrasco
Batting: RHB Cisco Gatán 0-0: Called Strike
0-1: Ball
1-1: Ball
2-1: Ball
3-1: Base on Balls
Batting: RHB Stephen Wilson 0-0: Ball
1-0: Ball
2-0: Foul Ball, location: 2F
2-1: Foul Ball, location: 2F
2-2: Foul Ball, location: 2F
2-2: Foul Ball, location: 2F
2-2: Strikes out swinging
Batting: LHB Noriaki Sangi 0-0: Called Strike
0-1: Called Strike
0-2: Ball
1-2: Foul Ball, location: 2F
1-2: Strikes out looking
Batting: RHB Alfredo Rivera 0-0: Ball
1-0: Fly out, F8 (Flyball, 78XD)
Bottom of the 1st over - 0 run(s), 0 hit(s), 0 error(s), 1 left on base; Seattle 0 - Vista 0
TOP OF THE 2ND
Seattle Pikes batting - Pitching for Vista Panthers : RHP Jim Hendon
Batting: SHB António Hernández 0-0: Called Strike
0-1: Ball
1-1: Swinging Strike
1-2: Ball
2-2: Foul Ball, location: 2F
2-2: Fly out, F7 (Flyball, 7LD)
Batting: RHB Henning Huisman 0-0: Swinging Strike
0-1: Swinging Strike
0-2: Foul Ball, location: 2F
0-2: Ball
1-2: Strikes out looking
Batting: RHB Bill Mark 0-0: Called Strike
0-1: Foul Ball, location: 2F
0-2: Ball
1-2: Strikes out swinging
Top of the 2nd over - 0 run(s), 0 hit(s), 0 error(s), 0 left on base; Seattle 0 - Vista 0
BOTTOM OF THE 2ND
Vista Panthers batting - Pitching for Seattle Pikes : RHP Francisco Carrasco
Batting: LHB Bob Cunningham 0-0: Ball
1-0: Swinging Strike
1-1: Ground out 4-3 (Groundball, 4M)
Batting: RHB Guo-xiu Choi 0-0: Called Strike
0-1: Ball
1-1: Fly out, F8 (Flyball, 8RD)
Batting: LHB Francisco Marino 0-0: Ball
1-0: Ball
2-0: Ball
3-0: Base on Balls
Batting: RHB António López 0-0: Called Strike
Francisco Marino is caught stealing 2nd base
Bottom of the 2nd over - 0 run(s), 0 hit(s), 0 error(s), 0 left on base; Seattle 0 - Vista 0
TOP OF THE 3RD
Seattle Pikes batting - Pitching for Vista Panthers : RHP Jim Hendon
Batting: LHB Eduardo Gómez 0-0: Ball
1-0: Swinging Strike
1-1: Ball
2-1: Ball
3-1: Swinging Strike
3-2: Strikes out swinging
Batting: RHB Randy Sheppard 0-0: Swinging Strike
0-1: Ground out 5-3 (Groundball, 56S)
Batting: RHB Wallace Greene 0-0: SOLO HOME RUN (Flyball, 7LD), Distance : 408 ft
Batting: RHB Pete Rideout 0-0: Called Strike
0-1: Ball
1-1: Ball
2-1: Foul Ball, location: 2F
2-2: Foul Ball, location: 2F
2-2: Ball
3-2: Foul Ball, location: 2F
3-2: Ground out 6-3 (Groundball, 6M)
Top of the 3rd over - 1 run(s), 1 hit(s), 0 error(s), 0 left on base; Seattle 1 - Vista 0
BOTTOM OF THE 3RD
Vista Panthers batting - Pitching for Seattle Pikes : RHP Francisco Carrasco
Batting: RHB António López 0-0: SINGLE (Line Drive, 7S)
Batting: RHB Johnny Williams 0-0: Ball
1-0: Ball
2-0: Ball
3-0: Base on Balls
António López to second
Batting: RHB Cisco Gatán 0-0: Ball
1-0: Foul Ball, location: 2F
1-1: Called Strike
1-2: Foul Ball, location: 2F
1-2: Ball
2-2: Grounds into double play, 6-4-3 (Groundball, 6)
António López to third
Batting: RHB Stephen Wilson 0-0: Ball
1-0: Ball
2-0: Ball
3-0: Base on Balls
Batting: LHB Noriaki Sangi 0-0: Foul Ball, location: 2F
0-1: Swinging Strike
0-2: Foul Ball, location: 2F
0-2: Ball
1-2: Ground out U3 (Groundball, 3)
Bottom of the 3rd over - 0 run(s), 1 hit(s), 0 error(s), 2 left on base; Seattle 1 - Vista 0
TOP OF THE 4TH
Seattle Pikes batting - Pitching for Vista Panthers : RHP Jim Hendon
Batting: LHB Michael Barrett 0-0: Called Strike
0-1: Ball
1-1: Ball
2-1: SINGLE (Line Drive, 4MD)
Batting: SHB Nate Rhodes 0-0: Called Strike
0-1: Ball
1-1: Fly out, F4 (Line Drive, 4)
Batting: SHB António Hernández 0-0: Foul Ball, location: 2F
0-1: Called Strike
0-2: Ball
1-2: SINGLE (Line Drive, 6MD)
Michael Barrett to second
Batting: RHB Henning Huisman 0-0: Ball
1-0: Fly out, F8 (Flyball, 8RD)
Runner from 2nd tags up, SAFE at 3rd, no throw
Batting: RHB Bill Mark 0-0: Fly out, F6 (Line Drive, 6M)
Top of the 4th over - 0 run(s), 2 hit(s), 0 error(s), 2 left on base; Seattle 1 - Vista 0
BOTTOM OF THE 4TH
Vista Panthers batting - Pitching for Seattle Pikes : RHP Francisco Carrasco
Batting: RHB Alfredo Rivera 0-0: Fly out, F3 (Line Drive, 3)
Batting: LHB Bob Cunningham 0-0: Ball
1-0: Ball
2-0: Ball
3-0: Base on Balls
Batting: RHB Guo-xiu Choi 0-0: Swinging Strike
0-1: Fly out, F8 (Flyball, 8RD)
Batting: LHB Francisco Marino 0-0: Called Strike
0-1: Ball
1-1: Called Strike
1-2: Ground out 1-3 (Groundball, P)
Bottom of the 4th over - 0 run(s), 0 hit(s), 0 error(s), 1 left on base; Seattle 1 - Vista 0
TOP OF THE 5TH
Seattle Pikes batting - Pitching for Vista Panthers : RHP Jim Hendon
Batting: LHB Eduardo Gómez 0-0: Ground out 4-3 (Groundball, 4M)
Batting: RHB Randy Sheppard 0-0: Ball
1-0: Fly out, F9 (Flyball, 9LM)
Batting: RHB Wallace Greene 0-0: Ball
1-0: Ball
2-0: Called Strike
2-1: Ball
3-1: Base on Balls
Batting: RHB Pete Rideout 0-0: Ball
1-0: Ball
2-0: Called Strike
2-1: Ground out 5-3 (Groundball, 56)
Top of the 5th over - 0 run(s), 0 hit(s), 0 error(s), 1 left on base; Seattle 1 - Vista 0
BOTTOM OF THE 5TH
Vista Panthers batting - Pitching for Seattle Pikes : RHP Francisco Carrasco
Batting: RHB António López 0-0: Ball
1-0: Called Strike
1-1: Ground out 5-3 (Groundball, 5)
Batting: RHB Johnny Williams 0-0: Called Strike
0-1: Foul Ball, location: 2F
0-2: Ball
1-2: Ball
2-2: Ground out 4-3 (Groundball, 4)
Batting: RHB Cisco Gatán 0-0: Ball
1-0: Called Strike
1-1: Foul Ball, location: 2F
1-2: Ball
2-2: Ground out 5-3 (Groundball, 5)
Bottom of the 5th over - 0 run(s), 0 hit(s), 0 error(s), 0 left on base; Seattle 1 - Vista 0
TOP OF THE 6TH
Seattle Pikes batting - Pitching for Vista Panthers : RHP Jim Hendon
Batting: LHB Michael Barrett 0-0: Swinging Strike
0-1: Ball
1-1: Ball
2-1: Foul Ball, location: 2F
2-2: Foul Ball, location: 2F
2-2: Ball
3-2: SINGLE (Groundball, 56D)
Batting: SHB Nate Rhodes 0-0: Called Strike
0-1: Foul Ball, location: 2F
0-2: Ball
1-2: Strikes out swinging
Batting: SHB António Hernández 0-0: Ground out 3-1 (Groundball, 34)
Michael Barrett to second
Batting: RHB Henning Huisman 0-0: Ball
1-0: Ball
2-0: Ball
3-0: Base on Balls
Batting: RHB Bill Mark 0-0: Called Strike
0-1: Swinging Strike
0-2: Strikes out swinging
Top of the 6th over - 0 run(s), 1 hit(s), 0 error(s), 2 left on base; Seattle 1 - Vista 0
BOTTOM OF THE 6TH
Vista Panthers batting - Pitching for Seattle Pikes : RHP Francisco Carrasco
Batting: RHB Stephen Wilson 0-0: Foul Ball, location: 2F
0-1: Foul Ball, location: 2F
0-2: Fly out, F3 (Popup, 3L)
Batting: LHB Noriaki Sangi 0-0: Ball
1-0: Ball
2-0: Swinging Strike
2-1: Foul Ball, location: 2F
2-2: Foul Ball, location: 2F
2-2: Foul Ball, location: 2F
2-2: Ball
3-2: Base on Balls
Batting: RHB Alfredo Rivera 0-0: Ground out 5-3 (Groundball, 56S)
Noriaki Sangi to second
Batting: LHB Bob Cunningham 0-0: DOUBLE (Line Drive, 9LM)
Noriaki Sangi scores
Pitching: RHP Gil Dickson
Batting: RHB Guo-xiu Choi 0-0: Ball
1-0: Ball
2-0: Fly out, F9 (Flyball, 9S)
Bottom of the 6th over - 1 run(s), 1 hit(s), 0 error(s), 1 left on base; Seattle 1 - Vista 1
TOP OF THE 7TH
Seattle Pikes batting - Pitching for Vista Panthers : RHP Jim Hendon
Pitching: RHP José Betancourt
Batting: LHB Eduardo Gómez 0-0: Ball
1-0: Called Strike
1-1: Fly out, F3 (Popup, 3L)
Batting: RHB Randy Sheppard 0-0: Fly out, F9 (Flyball, 9S)
Batting: RHB Wallace Greene 0-0: Ball
1-0: Ground out 4-3 (Groundball, 4)
Top of the 7th over - 0 run(s), 0 hit(s), 0 error(s), 0 left on base; Seattle 1 - Vista 1
BOTTOM OF THE 7TH
Vista Panthers batting - Pitching for Seattle Pikes : RHP Gil Dickson
Pitching: LHP Mario Tobías
Pinch Hitting: RHB Salvador Salas 0-0: Ball
1-0: Fly out, F8 (Flyball, 8RS)
Pitching: RHP Orlando Ojeda
Pinch Hitting: LHB Brent Alonzo 0-0: Ball
1-0: Ball
2-0: Swinging Strike
2-1: Called Strike
2-2: Strikes out swinging
Batting: RHB Johnny Williams 0-0: Ball
1-0: Foul Ball, location: 2F
1-1: Called Strike
1-2: Foul Ball, location: 2F
1-2: Foul Ball, location: 2F
1-2: Ball
2-2: Ground out 4-3 (Groundball, 4)
Bottom of the 7th over - 0 run(s), 0 hit(s), 0 error(s), 0 left on base; Seattle 1 - Vista 1
TOP OF THE 8TH
Seattle Pikes batting - Pitching for Vista Panthers : RHP José Betancourt
Now at 2B: Brent Alonzo
Now at 3B: Salvador Salas
Batting: RHB Pete Rideout 0-0: Ball
1-0: Fly out, F7 (Line Drive, 7)
Pinch Hitting: RHB Germán Rosales 0-0: Ball
1-0: Ground out 4-3 (Groundball, 4)
Batting: SHB Nate Rhodes 0-0: Swinging Strike
0-1: Ground out 6-3 (Groundball, 6)
Top of the 8th over - 0 run(s), 0 hit(s), 0 error(s), 0 left on base; Seattle 1 - Vista 1
BOTTOM OF THE 8TH
Vista Panthers batting - Pitching for Seattle Pikes : RHP Orlando Ojeda
Now at 3B: Gary Kern
Batting: RHB Cisco Gatán 0-0: Called Strike
0-1: Ground out 6-3 (Groundball, 6)
Batting: RHB Stephen Wilson 0-0: Ball
1-0: Ball
2-0: Called Strike
2-1: Swinging Strike
2-2: Ball
3-2: Foul Ball, location: 2F
3-2: Foul Ball, location: 2F
3-2: Strikes out looking
Pitching: LHP Rubén Rico
Pinch Hitting: RHB Roberto Cruz 0-0: Ball
1-0: Ball
2-0: Ground out 1-3 (Groundball, 13S)
Bottom of the 8th over - 0 run(s), 0 hit(s), 0 error(s), 0 left on base; Seattle 1 - Vista 1
TOP OF THE 9TH
Seattle Pikes batting - Pitching for Vista Panthers : RHP José Betancourt
Pitching: RHP David Simpson
Now at 1B: Roberto Cruz
Batting: SHB António Hernández 0-0: Called Strike
0-1: Ball
1-1: Ball
2-1: Ball
3-1: Called Strike
3-2: Strikes out swinging
Pinch Hitting: RHB Iván Gonzáles 0-0: Ball
1-0: Called Strike
1-1: Called Strike
1-2: Fly out, F8 (Flyball, 8RD)
Batting: RHB Bill Mark 0-0: Ball
1-0: Ball
2-0: Ball
3-0: Called Strike
3-1: Base on Balls
Pinch Runner at 1st Arnold Harmon:
Batting: LHB Eduardo Gómez 0-0: Ball
1-0: Ball
2-0: Foul Ball, location: 2F
2-1: Fielders Choice at 2nd, 4-6 (Groundball, 4)
Top of the 9th over - 0 run(s), 0 hit(s), 0 error(s), 0 left on base; Seattle 1 - Vista 1
BOTTOM OF THE 9TH
Vista Panthers batting - Pitching for Seattle Pikes : LHP Rubén Rico
Now at 3B: Iván Gonzáles
Now in LF: Hamilton Holbrook
Batting: RHB Alfredo Rivera 0-0: Ball
1-0: Foul Ball, location: 2F
1-1: Swinging Strike
1-2: Ground out 5-3 (Groundball, 56)
Pitching: LHP Manny Sandoval
Pinch Hitting: RHB Phil Matthews 0-0: Called Strike
0-1: Ball
1-1: Ground out 5-3 (Groundball, 56S)
Pinch Hitting: RHB Justin Burgess 0-0: Ball
1-0: Ball
2-0: Ball
3-0: Called Strike
3-1: Base on Balls
Pinch Runner at 1st Francisco Medina:
Batting: RHB Salvador Salas 0-0: Called Strike
0-1: Called Strike
0-2: Ball
1-2: Ball
2-2: Strikes out looking
Bottom of the 9th over - 0 run(s), 0 hit(s), 0 error(s), 1 left on base; Seattle 1 - Vista 1
TOP OF THE 10TH
Seattle Pikes batting - Pitching for Vista Panthers : RHP David Simpson
Now in LF: Phil Matthews
Now in CF: Ramiro Martínez
Batting: RHB Randy Sheppard 0-0: Called Strike
0-1: Ball
1-1: Ball
2-1: Ball
3-1: Swinging Strike
3-2: Ground out 6-3 (Groundball, 6)
Batting: RHB Wallace Greene 0-0: Ball
1-0: Called Strike
1-1: Ball
2-1: Swinging Strike
2-2: Fly out, F8 (Flyball, 8RM)
Batting: RHB Pete Rideout 0-0: Ball
1-0: Ground out 5-3 (Groundball, 5)
Top of the 10th over - 0 run(s), 0 hit(s), 0 error(s), 0 left on base; Seattle 1 - Vista 1
BOTTOM OF THE 10TH
Vista Panthers batting - Pitching for Seattle Pikes : LHP Manny Sandoval
Pinch Hitting: RHB Griswold Coleman 0-0: Ball
1-0: Foul Ball, location: 2F
1-1: SINGLE (Groundball, 6D)
Batting: RHB Johnny Williams 0-0: Called Strike
0-1: Foul Ball, location: 2F
0-2: Ball
1-2: 2-RUN HOME RUN (Flyball, 7LD), Distance : 403 ft
Tuesday, August 8th, 2017 - OOTP Baseball 17.12 Build 75